 Dungeon Crawl Stone Soup version 0.17.0 (webtiles) character file.

338 Sheev the Conjurer (level 6, 0/41 HPs)
             Began as a Human Air Elementalist on Nov 6, 2015.
             Succumbed to a worker ant's poison
             ... on level 6 of the Dungeon.
             The game lasted 00:39:58 (6119 turns).

Sheev the Conjurer (Human Air Elementalist)         Turns: 6119, Time: 00:39:58

Health: 0/41       AC:  4    Str:  9    XL:     6   Next: 85%
Magic:  15/18      EV: 18    Int: 15    God:
Gold:   92         SH:  0    Dex: 20    Spells: 3 memorised, 3 levels left

rFire  . . .     SeeInvis .     x - +1 long sword
rCold  . . .     Clarity  +     a - +1 robe
rNeg   . . .     SustAt   .     (no shield)
rPois  .         Gourm    .     (no helmet)
rElec  .         Spirit   .     (no cloak)
rCorr  .         Warding  .     (no gloves)
rMut   .         Stasis   .     y - +0 pair of boots
MR     .....                    A - amulet of clarity
Stlth  +++.......               (no ring)
                                p - ring of magical power (curse)

@: agile, lethally poisoned (0 -> -3), not resistant to hostile enchantments,
fairly stealthy
A: no striking features
a: no special abilities


You were on level 6 of the Dungeon.
You were not hungry.

You visited 1 branch of the dungeon, and saw 6 of its levels.

You collected 158 gold pieces.
You spent 66 gold pieces at shops.

Inventory:

Hand Weapons
 x - a +1 long sword (weapon)
Missiles
 g - 98 stones (quivered)
Armour
 a - a +1 robe (worn)
 y - a +0 pair of boots (worn)
Jewellery
 p - a cursed ring of magical power (left hand)
 A - an amulet of clarity (around neck)
Scrolls
 d - 2 scrolls of remove curse
 h - a scroll of noise
 i - 3 scrolls of identify
 j - a scroll of random uselessness
 u - 2 scrolls of amnesia
 w - a scroll of enchant weapon
Potions
 q - a potion of ambrosia {unknown}
 r - a potion of cancellation {unknown}
 z - a potion of heal wounds {unknown}
Books
 b - a book of Air

   Spells                             Type                      Level
   a - Shock                          Conjuration/Air              1
   b - Swiftness                      Charms/Air                   2
   c - Repel Missiles                 Charms/Air                   2
   d - Static Discharge               Conjuration/Air              3
   e - Lightning Bolt                 Conjuration/Air              5
Comestibles
 c - 2 bread rations
 l - 2 fruits
 o - a royal jelly
 t - 2 meat rations


   Skills:
 + Level 3.8 Long Blades
 - Level 2.0 Dodging
 - Level 2.0 Stealth
 - Level 2.0 Spellcasting
 - Level 5.0 Conjurations
 - Level 3.0 Air Magic


You had 3 spell levels left.
You knew the following spells:

 Your Spells              Type           Power        Failure   Level  Hunger
a - Shock                 Conj/Air       ##..         4%          1    #......
b - Static Discharge      Conj/Air       ##......     14%         3    ###....
c - Swiftness             Chrm/Air       #.......     17%         2    ###....


Dungeon Overview and Level Annotations

Branches:
Dungeon (6/15)
 Temple: D:4-7

Altars:
Fedhas
Gozag
Kikubaaqudgha
Nemelex Xobeh
Yredelemnul
The Shining One

Shops:
D:4 *%:(:

Annotations:
D:4 Blork the orc
D:5 BLOAX's ghost, amateur MiFi


Message History

You see here 10 gold pieces.
The worker ant bites you.
* * * LOW HITPOINT WARNING * * *
The worker ant misses you.
Found a stone staircase leading down.
The worker ant completely misses you. The worker ant bites you.
* * * LOW HITPOINT WARNING * * *
You are lethally poisoned!
The worker ant poisons you!
* * * LOW HITPOINT WARNING * * *
You feel sick.
There is a stone staircase leading down here.
Casting: Swiftness
Confirm with . or Enter, or press ? or * to list all spells.
You don't know that spell.
Unknown command.
The worker ant misses you.
You climb downwards.
You die...

####
#a@#
#..#
#....
#....#
##..##
#..#
####


You could see a worker ant.

Vanquished Creatures
  A water moccasin zombie (D:5)
  A scorpion (D:5)
  A crimson imp (D:5)
  A centaur skeleton (D:4)
  A worker ant (D:4)
  A hound skeleton (D:4)
  4 adders
  3 gnolls (D:5)
  An ooze (D:4)
  4 worms
  2 giant geckos
  2 orcs (D:4)
  A ball python (D:1)
  2 giant cockroaches (D:1)
  9 goblins
  3 hobgoblins
  2 jackals (D:4)
  2 quokkas
  11 bats
  5 giant newts
  6 kobolds
  A quokka zombie (D:5)
  6 rats
70 creatures vanquished.

Notes
Turn   | Place    | Note
--------------------------------------------------------------
     0 | D:1      | Sheev the Human Air Elementalist began the quest for the Orb.
     0 | D:1      | Reached XP level 1. HP: 13/13 MP: 3/3
   221 | D:1      | Reached XP level 2. HP: 14/19 MP: 0/5
   827 | D:1      | Reached XP level 3. HP: 12/24 MP: 0/6
  1081 | D:1      | Found a sparkling altar of Nemelex Xobeh.
  1185 | D:2      | Learned a level 3 spell: Static Discharge
  1599 | D:2      | Reached XP level 4. HP: 30/30 MP: 4/7
  2564 | D:3      | Found a basalt altar of Yredelemnul.
  2770 | D:3      | Reached skill level 4 in Conjurations
  2920 | D:3      | Found a blossoming altar of Fedhas.
  2925 | D:3      | Found an opulent altar of Gozag.
  2928 | D:3      | Found an ancient bone altar of Kikubaaqudgha.
  2965 | D:4      | Found Apnan's Book Emporium.
  2965 | D:4      | Found Ivolek's Weapon Shop.
  2984 | D:4      | Noticed Blork the orc
  3171 | D:4      | Found Archits's General Store.
  3314 | D:4      | Found Muxaliwu's Book Shoppe.
  3686 | D:4      | Reached XP level 5. HP: 31/35 MP: 6/8
  3818 | D:4      | Found Rocvaf's Food Boutique.
  4312 | D:4      | Learned a level 2 spell: Swiftness
  4351 | D:4      | Reached skill level 5 in Conjurations
  4419 | D:4      | Bought 2 fruits for 33 gold pieces
  4419 | D:4      | Bought 2 fruits for 33 gold pieces
  4573 | D:4      | Reached skill level 1 in Long Blades
  4624 | D:5      | Entered Level 5 of the Dungeon
  4688 | D:5      | Reached XP level 6. HP: 41/41 MP: 9/9
  5177 | D:5      | Found a glowing golden altar of the Shining One.
  5689 | D:5      | Noticed BLOAX's ghost (amateur MiFi)
  6116 | D:5      | HP: 2/41 [worker ant (6)]
  6119 | D:6      | Succumbed to a worker ant's poison

Action                   |  1- 3 |  4- 6 || total
-------------------------+-------+-------++-------
Melee: Unarmed           |     3 |       ||     3
       Short sword       |     7 |       ||     7
       Rapier            |       |     2 ||     2
       Long sword        |       |     5 ||     5
 Cast: Shock             |    61 |   107 ||   168
       Static Discharge  |       |    42 ||    42
       Swiftness         |       |     3 ||     3
  Use: Scroll            |       |    10 ||    10
       Potion            |       |     6 ||     6
  Eat: Chunk             |     3 |    11 ||    14
       Fruit             |       |     7 ||     7
       Bread ration      |       |     2 ||     2
